 Dungeon Crawl Stone Soup version 0.24.0-123-gd5b16e6ec5 (webtiles) character file.

Game seed: 2938864621938905346, levelgen mode: deterministic

629654 mortelune the Slayer (level 26, -20/259 HPs)
             Began as a Minotaur Berserker on Dec 29, 2019.
             Was a High Priest of Lugonu.
             Killed from afar by a hellion (22 damage)
             ... with damnation
             ... on level 11 of a ziggurat on Dec 30, 2019.
             The game lasted 04:41:59 (89992 turns).

mortelune the Slayer (Minotaur Berserker)          Turns: 89992, Time: 04:41:59

Health: -20/259    AC: 39    Str: 38    XL:     26   Next: 75%
Magic:  28/32      EV: 26    Int:  4    God:    Lugonu [*****.]
Gold:   6159       SH:  0    Dex: 10    Spells: 25/25 levels left

rFire    + + .     SeeInvis .   b - +6 arbalest of Umumiseu {freeze, Str+4}
rCold    + + +     Gourm    .   (shield currently unavailable)
rNeg     + + +     Faith    .   x - +10 pearl dragon scales
rPois    +         Spirit   .   (helmet unavailable)
rElec    +         Reflect  .   g - scarf {rC+ rF+}
rCorr    +         Harm     .   n - +2 pair of gloves {archery}
MR       ++...     Rnd*Rage +   e - +2 pair of boots of Contentment {rN+ rCorr}
Stlth    ..........             j - amulet of the Air {Inacc +Fly rElec EV+5 RMsl}
HPRegen  0.53/turn              d - ring "Fakotz" {rElec rF+ rC++ Str+3 Dex-3}
MPRegen  0.23/turn              U - ring "Seca Yti" {rN+ MR+}

@: weakened, very slightly contaminated, studying Crossbows, repel missiles
A: retaliatory headbutt, hooves 1, horns 3, berserk 1, poison resistance
}: 4/15 runes: decaying, serpentine, slimy, silver
a: Depart the Abyss, Bend Space, Banish, Corrupt, Enter the Abyss, Renounce
Religion, Evoke Flight


You were on level 11 of a ziggurat.
You worshipped Lugonu.
Lugonu was extremely pleased with you.
You were not hungry.

You visited 10 branches of the dungeon, and saw 52 of its levels.
You visited the Abyss 1 time.
You visited 1 ziggurat, and saw 11 of its levels.
You also visited: Trove, Sewer, Gauntlet, Volcano and Wizlab.

You collected 11329 gold pieces.
You spent 5170 gold pieces at shops.

Inventory:

Hand Weapons
 a - a +9 antimagic triple sword
 b - the +6 arbalest of Umumiseu (weapon) {freeze, Str+4}
   (You found it on level 6 of the Lair of Beasts)

   It causes projectiles fired from it to freeze those they strike, causing
   extra injury to most foes and up to half again as much damage against
   particularly susceptible opponents.
   They can also slow down cold-blooded creatures.
   It affects your strength (+4).
 v - a +9 eudemon blade of holy wrath
 F - a +3 arbalest
 T - a +8 demon blade of distortion
Missiles
 i - 1585 bolts (quivered)
Armour
 e - the +2 pair of boots of Contentment (worn) {rN+ rCorr}
   (You bought it in a shop on level 1 of the Orcish Mines)

   It protects you from negative energy.
   It provides partial protection from all sources of acid and corrosion.
 g - a scarf of resistance (worn)
 n - a +2 pair of gloves of archery (worn)
 x - +10 pearl dragon scales (worn)
Jewellery
 d - the ring "Fakotz" (left hand) {rElec rF+ rC++ Str+3 Dex-3}
   (You took it off a hell knight on level 2 of the Depths)

   [ring of protection from fire]

   It affects your strength (+3).
   It affects your dexterity (-3).
   It protects you from fire.
   It greatly protects you from cold.
   It insulates you from electricity.
 j - the amulet of the Air (around neck) {Inacc +Fly rElec EV+5 RMsl}
   (You found it on level 5 of the Pits of Slime)

   [amulet of inaccuracy]

   It reduces the accuracy of all your attacks.
   It affects your evasion (+5).
   It insulates you from electricity.
   It lets you fly.
   It protects you from missiles.
 s - the ring "Gat Dain" {rElec rC- MR+ Int+2}
   (You found it in a treasure trove)

   [ring of intelligence]

   It affects your intelligence (+2).
   It makes you vulnerable to cold.
   It insulates you from electricity.
   It affects your resistance to hostile enchantments.
 t - the ring "Wetade" {*Contam rF+ rCorr Dex+4 SInv}
   (You found it in a treasure trove)

   [ring of resist corrosion]

   It affects your dexterity (+4).
   It protects you from fire.
   It lets you see invisible.
   It causes magical contamination when unequipped.
   It provides partial protection from all sources of acid and corrosion.
 C - the ring of Xorrapsu {rC+ MP+9}
   (You found it in a treasure trove)

   [ring of magical power]

   It protects you from cold.
   It affects your magic capacity (+9).
 Q - the ring "Dear" {rN+ AC+6 Dex+2}
   (You found it in a treasure trove)

   [ring of protection]

   It affects your AC (+6).
   It affects your dexterity (+2).
   It protects you from negative energy.
 U - the ring "Seca Yti" (right hand) {rN+ MR+}
   (You found it in a treasure trove)

   [ring of positive energy]

   It protects you from negative energy.
   It affects your resistance to hostile enchantments.
 Y - the amulet "Toguw" {Spirit Str+4 Slay+5}
   (You found it in a treasure trove)

   [amulet of guardian spirit]

   It causes incoming damage to be split between your health and magic.
   It affects your strength (+4).
   It affects your accuracy and damage with ranged weapons and melee attacks
   (+5).
Wands
 k - a wand of clouds (12)
 u - a wand of digging (21)
 L - a wand of acid (59)
Scrolls
 f - a scroll of identify
 p - 24 scrolls of remove curse
 q - 17 scrolls of teleportation
 r - a scroll of silence
 A - 9 scrolls of fog
 B - 3 scrolls of summoning
 I - 6 scrolls of immolation
 K - 3 scrolls of holy word
 N - 3 scrolls of fear
 P - 2 scrolls of blinking
 W - 2 scrolls of brand weapon
 X - 4 scrolls of enchant armour
 Z - a scroll of magic mapping
Potions
 h - 6 potions of magic
 l - 10 potions of brilliance
 m - 5 potions of heal wounds
 o - 8 potions of haste
 w - 2 potions of might
 y - 2 potions of invisibility
 z - 5 potions of berserk rage
 D - 10 potions of lignification
 E - a potion of experience
 G - 13 potions of curing
 H - 4 potions of flight
 M - 7 potions of resistance
 O - 3 potions of agility
 R - 2 potions of cancellation
 V - 5 potions of mutation
Books
 S - a manual of Crossbows
Miscellaneous
 J - 4 phantom mirrors
Comestibles
 c - 68 rations


   Skills:
 + Level 25.5 Fighting
 - Level 24.0 Long Blades
   Level 9.9 Maces & Flails
 + Level 20.1 Crossbows
 + Level 25.1 Armour
 - Level 21.5 Dodging
 - Level 14.0 Invocations


You had 25 spell levels left.
You didn't know any spells.
Your spell library contained the following spells:

 Spells                   Type           Power        Failure   Level  Hunger
 Animate Skeleton         Necr           N/A          61%         1    ##.....
 Apportation              Tloc           #.....       61%         1    ##.....
 Beastly Appendage        Tmut           #.....       61%         1    ##.....
 Confusing Touch          Hex            #.....       61%         1    ##.....
 Corona                   Hex            #......      61%         1    ##.....
 Flame Tongue             Conj/Fire      #....        61%         1    ##.....
 Infusion                 Chrm           #...         61%         1    ##.....
 Magic Dart               Conj           #...         61%         1    ##.....
 Pain                     Necr           #...         61%         1    ##.....
 Sandblast                Erth           #.....       61%         1    ##.....
 Shock                    Conj/Air       #...         61%         1    ##.....
 Summon Butterflies       Summ           #.......     61%         1    ##.....
 Summon Small Mammal      Summ           #...         61%         1    ##.....
 Blink                    Tloc           N/A          75%         2    ###....
 Call Imp                 Summ           #.......     75%         2    ###....
 Corpse Rot               Necr           N/A          75%         2    ###....
 Ensorcelled Hibernation  Hex/Ice        #.....       75%         2    ###....
 Passwall                 Tmut/Erth      #.......     75%         2    ###....
 Poisonous Vapours        Pois/Air       #.....       75%         2    ###....
 Searing Ray              Conj           #.....       75%         2    ###....
 Shroud of Golubria       Chrm/Tloc      #.....       75%         2    ###....
 Slow                     Hex            #.......     75%         2    ###....
 Song of Slaying          Chrm           #.......     75%         2    ###....
 Sticks to Snakes         Tmut           #.......     75%         2    ###....
 Sublimation of Blood     Necr           #.........   75%         2    ###....
 Swiftness                Chrm/Air       #.......     75%         2    ###....
 Throw Flame              Conj/Fire      #.....       75%         2    ###....
 Throw Frost              Conj/Ice       #.....       75%         2    ###....
 Confuse                  Hex            #.......     93%         3    ####...
 Conjure Flame            Conj/Fire      #.......     93%         3    ####...
 Dazzling Spray           Conj/Hex       #.....       93%         3    ####...
 Gell's Gravitas          Tloc           #.........   93%         3    ####...
 Ignite Poison            Fire/Tmut/Pois #.......     93%         3    ####...
 Inner Flame              Hex/Fire       #.......     93%         3    ####...
 Lesser Beckoning         Tloc           #.........   93%         3    ####...
 Mephitic Cloud           Conj/Pois/Air  #.......     93%         3    ####...
 Portal Projectile        Hex/Tloc       #.....       93%         3    ####...
 Regeneration             Chrm/Necr      #.........   93%         3    ####...
 Spectral Weapon          Hex/Chrm       #.......     93%         3    ####...
 Spider Form              Tmut/Pois      #.........   93%         3    ####...
 Stone Arrow              Conj/Erth      #.....       93%         3    ####...
 Summon Guardian Golem    Hex/Summ       #.......     93%         3    ####...
 Tukima's Dance           Hex            #.......     93%         3    ####...
 Vampiric Draining        Necr           #.........   93%         3    ####...
 Animate Dead             Necr           N/A          100%        4    #####..
 Cause Fear               Hex            #.........   100%        4    #####..
 Force Lance              Conj/Tloc      #.......     100%        4    #####..
 Fulminant Prism          Conj/Hex       #.........   100%        4    #####..
 Ice Form                 Ice/Tmut       #.......     100%        4    #####..
 Iskenderun's Mystic Bla  Conj           #.......     100%        4    #####..
 Leda's Liquefaction      Hex/Erth       #.........   100%        4    #####..
 Passage of Golubria      Tloc           N/A          100%        4    #####..
 Petrify                  Tmut/Erth      #.......     100%        4    #####..
 Sticky Flame             Conj/Fire      #.......     100%        4    #####..
 Summon Ice Beast         Ice/Summ       #.......     100%        4    #####..
 Summon Lightning Spire   Summ/Air       #.......     100%        4    #####..
 Alistair's Intoxication  Tmut/Pois      #.......     100%        5    ######.
 Blade Hands              Tmut           #.........   100%        5    ######.
 Bolt of Magma            Conj/Fire/Erth #.........   100%        5    ######.
 Borgnjor's Vile Clutch   Necr/Erth      #.........   100%        5    ######.
 Dispel Undead            Necr           #.......     100%        5    ######.
 Fireball                 Conj/Fire      #.........   100%        5    ######.
 Irradiate                Conj/Tmut      #.........   100%        5    ######.
 Lee's Rapid Deconstruct  Erth           #.........   100%        5    ######.
 Lightning Bolt           Conj/Air       #.........   100%        5    ######.
 Metabolic Englaciation   Hex/Ice        #.........   100%        5    ######.
 Silence                  Hex/Air        #.........   100%        5    ######.
 Summon Forest            Summ/Tloc      #.........   100%        5    ######.
 Bolt of Fire             Conj/Fire      #.........   100%        6    #######
 Conjure Ball Lightning   Conj/Air       #.........   100%        6    #######
 Darkness                 Hex            #.........   100%        6    #######
 Deflect Missiles         Chrm/Air       #.........   100%        6    #######
 Freezing Cloud           Conj/Ice/Air   #.........   100%        6    #######
 Hydra Form               Tmut           #.........   100%        6    #######
 Invisibility             Hex            #.......     100%        6    #######
 Iron Shot                Conj/Erth      #.........   100%        6    #######
 Poison Arrow             Conj/Pois      #.........   100%        6    #######
 Statue Form              Tmut/Erth      #........    100%        6    #######
 Dragon Form              Tmut           #.........   100%        7    #######
 Haunt                    Necr/Summ      #.........   100%        7    #######
 Malign Gateway           Summ/Tloc      #.........   100%        7    #######
 Ring of Flames           Chrm/Fire      #.........   100%        7    #######
 Summon Hydra             Summ           #.........   100%        7    #######
 Borgnjor's Revivificati  Necr           #.........   100%        8    #######
 Chain Lightning          Conj/Air       #.........   100%        8    #######
 Death's Door             Chrm/Necr      #.........   100%        8    #######
 Ignition                 Fire           #.........   100%        8    #######
 Infestation              Necr           #.........   100%        8    #######
 Lehudib's Crystal Spear  Conj/Erth      #.........   100%        8    #######
 Necromutation            Tmut/Necr      #.........   100%        8    #######
 Dragon's Call            Summ           #.........   100%        9    #######
 Fire Storm               Conj/Fire      #.........   100%        9    #######
 Glaciate                 Conj/Ice       #.........   100%        9    #######
 Shatter                  Erth           #.........   100%        9    #######
 Tornado                  Air            #.........   100%        9    #######


Dungeon Overview and Level Annotations

Branches:
Dungeon (15/15)            Temple (0/1) D:6            Lair (6/6) D:10
  Swamp (4/4) Lair:3        Snake (4/4) Lair:3        Slime (5/5) Lair:5
    Orc (2/2) D:11            Elf (3/3) Orc:2        Vaults (5/5) D:14
  Crypt (3/3) Vaults:3       Tomb (0/3) Crypt:3      Depths (5/5) D:15
    Zot (0/5) Depths:5      Sewer (visited)         Volcano (visited)
 WizLab (visited)         Gauntlet (visited)

Altars:
Elyvilon
Fedhas
Gozag
Hepliaklqana
Kikubaaqudgha
Makhleb
Nemelex Xobeh
Okawaru
Qazlal
Sif Muna
Trog
Vehumet
Xom
Yredelemnul
Beogh

Shops:
D:4 }   D:5 ((   D:7 *   D:8 (   D:11 [   D:13 }   D:14 *   Orc:1 [
Orc:2 *[:(   Elf:1 =}=   Elf:2 !   Snake:1 [   Snake:4 *   Vaults:1 [}*[
Vaults:2 }   Vaults:3 [}!   Vaults:4 =   Depths:1 [!   Depths:3 (

Portals:
Hell: Lair:6 Depths:1 Depths:2 Depths:3 Depths:4 Depths:5
Abyss: Depths:3 Depths:4
Pandemonium: Depths:3

Annotations:
D:5 3 runed translucent doors, vurker's ghost, novice MiGl
D:7 exclusion: statue
Swamp:4 corrupted
Snake:4 corrupted
Slime:5 corrupted
Elf:3 corrupted, 1 exclusion
Crypt:1 corrupted
Crypt:3 corrupted
Abyss:1 Saint Roka
Zig:11 corrupted


Innate Abilities, Weirdness & Mutations

You reflexively headbutt those who attack you in melee.
You have a pair of large horns on your head.
You have large cloven feet.
You tend to lose your temper in combat.
Your system is resistant to poisons. (rPois)


Message History

The blizzard demon waves its arms in wide circles.
The air twists around and strikes you!!
* * * LOW HITPOINT WARNING * * *
The sun demon hits the sun demon.
The sun demon is engulfed in flames.
The sun demon completely resists.
The ynoxinul closely misses the sun demon.
The cherub unwields a +2 long sword of flaming.
It stops flaming.
The cherub wields a +1 hunting sling of flaming.
It bursts into flame!
The cherub shoots a stone.
The stone hits you!
* * * LOW HITPOINT WARNING * * *
The tormentor hits the cacodemon.
The tormentor closely misses the cacodemon.
The cacodemon hits the tormentor!
The tormentor's magic leaks into the air.
The cacodemon closely misses the tormentor.
The sun demon closely misses the ynoxinul.
The hellion gestures at you.
The sphere of damnation explodes!
The damnation engulfs you!!
You die...

▓▓▓▓▓▓▓▓▓▓ ▓.........
▓......... ▓.........
▓▓▓▓▓▓▓.........
▓......(.......(.....
▓....(..@.........2[)
▓...(.....#...#....)!
▓...............x2A::
▓∩...1.....6.A5....:2
▓...1....#.6.#36..#&)
▓....#...2..#33....:|
▓........&.263§2.#X6.
▓§...H6...§X222(.3...
▓▓▓▓▓▓▓...#§X&6.▓▓▓▓▓


You could see Tetrid, a starcursed mass, a cacodemon, a sphinx, a balrug, a
cherub, 2 demonspawn, a monstrous black sun, 2 Executioners, a blizzard demon, 2
demonspawn, a sun demon, a hellion, 2 ynoxinuls, a neutral lorocyproca
(invisible), a neutral sun demon and a neutral tormentor.

Vanquished Creatures
  the Royal Jelly (Slime:5)
  Mennas (Vaults:3)
  3 juggernauts
  Xtahua (Crypt:1)
  The ghost of rrossfarrar the Hoplite, a veteran BaFi of Cheibriados (Crypt:2)
  A caustic shrike (Depths:2)
  5 golden dragons
  2 bone dragons
  Jory (Depths:5)
  An iron giant (shapeshifter) (Vaults:5)
  3 tentacled monstrosities
  A quicksilver dragon (shapeshifter) (Vaults:5)
  A deep elf blademaster (Elf:2)
  2 titans
  4 liches
  20 acid blobs
  A deep elf master archer (Crypt:2)
  10 sphinxes
  4 shadow dragons
  4 ancient champions
  Gastronok (D:11)
  5 thorn hunters
  7 tengu reavers
  5 nagarajas
  3 storm dragons
  14 azure jellies
  A storm dragon (shapeshifter) (Vaults:5)
  Donald (Vaults:2)
  9 fire giants
  2 draconian knights (Zig:7)
  A draconian monk (Depths:5)
  21 vault wardens
  11 frost giants
  4 iron dragons
  3 orc warlords
  4 deep elf sorcerers
  Louise (D:15)
  A draconian scorcher (Depths:5)
  Aizul (Vaults:4)
  8 ghouls
  3 curse skulls
  26 very ugly things
  A draconian annihilator (Depths:5)
  28 stone giants
  A spriggan defender (Depths:2)
  23 ironheart preservers
  A war gargoyle (Vaults:5)
  6 deep elf demonologists
  Nessos (D:13)
  3 vampire knights
  A blood saint (Zig:8)
  2 entropy weavers
  A green draconian (Depths:5)
  2 red draconians
  Azrael (D:15)
  4 black draconians
  A white draconian (Zig:7)
  A spark wasp (Depths:2)
  A minotaur (Gauntlet)
  2 purple draconians (Depths:5)
  A dire elephant (Lair:6)
  2 yellow draconians
  A merfolk javelineer (Depths:4)
  6 deep elf annihilators
  A deep elf death mage (Crypt:1)
  27 ettins
  A mummy priest (Crypt:3)
  A blizzard demon (Depths:5)
  5 jiangshi
  6 eidola
  16 fire dragons
  An ettin (shapeshifter) (Depths:2)
  8 death oozes
  21 ice dragons
  A quicksilver dragon zombie (Crypt:3)
  5 deep elf high priests (Vaults:5)
  16 naga warriors
  49 vault guards
  8 rakshasas
  Erolcha (D:9)
  16 yaktaur captains
  24 hydras
  An ice dragon (shapeshifter) (Vaults:5)
  A catoblepas (Vaults:3)
  2 ghost crabs (Swamp:1)
  12 great orbs of eyes
  3 shambling mangroves
  7 spriggan air magi
  The ghost of ioannis32 the Cleaver, a journeyman HuFi of Okawaru (Orc:1)
  8 anacondas
  10 ogre magi
  5 death knights
  30 two-headed ogres
  11 alligators
  21 dancing weapons
  7 deep troll shamans
  An anaconda (shapeshifter) (Zig:5)
  6 vampire magi
  17 centaur warriors
  6 tengu warriors
  8 deep troll earth magi
  7 spriggan berserkers
  4 naga sharpshooters
  4 thrashing horrors
  2 titan zombies (Crypt:3)
  8 hell knights
  5 shock serpents
  A wretched star (Zig:3)
  5 orc high priests (Orc:2)
  A sun demon (Depths:5)
  A fire crab (shapeshifter) (Depths:2)
  2 soul eaters
  A fire crab (Volcano)
  2 spriggans
  A sixfirhy (Lair:6)
  5 iron trolls
  18 deep elf knights
  A spriggan druid (Swamp:3)
  38 skeletal warriors
  A spatial maelstrom (Zig:2)
  A sea snake (shapeshifter) (Depths:5)
  5 flayed ghosts
  4 shadow wraiths
  2 salamander mystics (Snake:4)
  A quicksilver dragon simulacrum (Crypt:2)
  7 swamp dragons
  3 unseen horrors
  A death drake (shapeshifter) (Vaults:5)
  An anaconda zombie (Crypt:3)
  4 glowing orange brains
  A glowing orange brain (shapeshifter) (Depths:1)
  5 obsidian statues
  20 phantasmal warriors
  36 deep trolls
  5 harpies (shapeshifter)
  11 harpies
  3 lindwurms
  5 naga ritualists
  10 deep elf archers
  2 tengu zombies
  11 necromancers
  A wolf spider zombie (Crypt:3)
  17 ironbrand convokers
  11 wizards
  11 orc knights
  58 deep elf magi
  2 wolf spiders
  7 mana vipers
  55 ugly things
  A mana viper (shapeshifter) (Zig:5)
  A shadow dragon skeleton (Crypt:1)
  A fire giant zombie (Crypt:3)
  7 orc sorcerers
  An oklob plant (D:10)
  A frost giant zombie (Crypt:3)
  2 iron dragon zombies
  3 shining eyes
  Maurice (D:9)
  6 salamanders
  5 elephants
  8 cyclopes
  10 manticores
  A stone giant skeleton (Vaults:1)
  2 frost giant skeletons
  A stone giant zombie (Crypt:3)
  19 vault sentinels
  21 naga magi
  A shock serpent zombie (Crypt:3)
  An ice statue (Zig:11)
  A dire elephant zombie (Crypt:3)
  2 fire giant skeletons
  7 guardian serpents
  2 eyes of devastation
  5 molten gargoyles
  2 torpor snails (Lair:5)
  9 gargoyles
  5 spectral swamp worms (Depths:1)
  10 orange demons
  4 rime drakes
  25 black mambas
  19 spiny frogs
  A catoblepas zombie (Crypt:3)
  7 komodo dragons
  3 kobold demonologists
  55 yaktaurs
  A minotaur zombie (Crypt:2)
  An efreet (D:14)
  A yaktaur (shapeshifter) (Vaults:1)
  A rime drake (shapeshifter) (Vaults:5)
  An emperor scorpion zombie (Crypt:3)
  A redback zombie (D:14)
  A komodo dragon (shapeshifter) (Vaults:2)
  6 tengu conjurers
  3 ice devils
  15 freezing wraiths
  A yellow draconian skeleton (Crypt:2)
  A grey draconian skeleton (Crypt:1)
  A guardian mummy (Crypt:3)
  4 red devils
  2 harpy zombies
  A hellwing (Lair:6)
  A merfolk (D:10)
  18 trolls
  2 wind drakes (shapeshifter)
  2 harpy skeletons
  A hornet (shapeshifter) (Depths:1)
  A hydra zombie (Crypt:3)
  A shadow dragon simulacrum (Crypt:1)
  7 tyrant leeches
  3 wind drakes (Depths:4)
  A jumping spider (Crypt:3)
  16 polar bears
  16 hornets
  A queen bee (shapeshifter) (D:14)
  81 slime creatures
  A dream sheep (shapeshifter) (Depths:2)
  An ice dragon zombie (Crypt:3)
  An alligator zombie (Crypt:2)
  11 bog bodies
  6 hippogriffs
  A meliai zombie (D:15)
  A blink frog (shapeshifter) (Elf:2)
  A hippogriff (shapeshifter) (Vaults:2)
  2 ettin zombies
  A fire giant simulacrum (Vaults:1)
  A human simulacrum (Vaults:2)
  A centaur simulacrum (D:14)
  A spriggan (shapeshifter) (Depths:1)
  16 flying skulls (Gauntlet)
  Sigmund (D:5)
  A black mamba zombie (Crypt:3)
  5 redbacks
  14 wraiths
  4 air elementals
  2 tarantellas
  3 wyverns
  13 water elementals
  66 yaks
  7 shadows
  A vampire (D:14)
  2 ynoxinuls
  4 basilisks
  A tyrant leech zombie (Crypt:2)
  2 ushabtiu (Crypt:3)
  11 fire bats (Volcano)
  A neqoxec (Abyss:3)
  3 hungry ghosts
  4 golden eyes (Slime:5)
  6 fire elementals
  25 vampire mosquitoes
  Grum (D:5)
  4 large abominations
  A deep troll zombie (Crypt:1)
  8 insubstantial wisps (Swamp:1)
  14 water moccasins
  6 wargs
  36 nagas
  2 acid dragons (Vaults:1)
  12 hell hounds
  15 swamp worms
  A floating eye (shapeshifter) (Vaults:5)
  4 porcupines
  3 small abominations (WizLab)
  3 floating eyes
  18 black bears
  An elf skeleton (Vaults:1)
  A meliai simulacrum (D:15)
  A swamp drake (shapeshifter) (Vaults:3)
  47 orc warriors
  9 swamp drakes
  6 ice beasts
  A spiny frog skeleton (Crypt:2)
  5 sky beasts
  An ice beast (shapeshifter) (Vaults:3)
  A black bear (shapeshifter) (Vaults:3)
  7 eyes of draining
  A manticore zombie (Crypt:3)
  A tengu (shapeshifter) (Vaults:5)
  9 boggarts
  13 necrophages
  36 wolves
  24 centaurs
  42 ogres
  An elephant skeleton (Crypt:1)
  9 phantoms
  12 crocodiles
  An elf zombie (D:7)
  15 bullfrogs
  2 big kobolds (D:9)
  5 earth elementals (Depths:4)
  3 gnoll sergeants (D:5)
  An octopode zombie (Crypt:1)
  7 wyvern skeletons
  A hornet simulacrum (Vaults:1)
  A troll zombie (D:11)
  2 water moccasin skeletons
  A raiju zombie (Crypt:1)
  8 killer bees
  6 wights
  A troll skeleton (D:7)
  A spriggan skeleton (Crypt:2)
  4 electric eels
  12 crimson imps
  5 howler monkeys
  5 lava snakes (Volcano)
  6 centaur zombies
  3 bullfrog zombies
  7 centaur skeletons
  A soldier ant zombie (Crypt:2)
  10 hounds
  17 jellies
  21 orc priests
  5 human zombies
  4 bullfrog skeletons
  A gnoll shaman (D:8)
  3 human skeletons
  4 iguanas
  2 iron imps (Depths:5)
  32 orc wizards
  19 worker ants
  A killer bee zombie (D:8)
  5 ogre zombies (D:11)
  An acid dragon zombie (Crypt:2)
  2 hound zombies
  3 mummies (D:7)
  A worker ant zombie (D:6)
  19 gnolls
  18 adders
  6 shadow imps
  4 white imps (Depths:5)
  20 oozes
  3 adder zombies
  2 adder skeletons
  5 worms
  3 dart slugs
  18 leopard geckos
  117 orcs
  9 ball pythons
  7 giant cockroaches
  4 hobgoblins
  9 jackals
  6 quokkas
  8 bats
  11 frilled lizards
  6 goblins
  3 goblin zombies (D:11)
  A hobgoblin skeleton (D:11)
  4 hobgoblin zombies (D:11)
  19 kobolds
  2 leopard gecko zombies
  An orc skeleton (D:11)
  11 orc zombies
  13 rats
  3 briar patches (Depths:4)
  A bush (D:8)
  3 fire vortices (Depths:4)
  2 fungi
  3 plants
  3 withered plants (Crypt:3)
2652 creatures vanquished.

Vanquished Creatures (collateral kills)
  A hydra (Lair:6)
  A black mamba (Lair:6)
  2 orange demons (D:10)
  A red devil (D:10)
  A water moccasin (Lair:6)
  A crocodile (Lair:6)
7 creatures vanquished.

Vanquished Creatures (others)
  Mara (Crypt:3)
  An ancient lich (Vaults:5)
  A greater mummy (Zig:10)
  A profane servitor (Crypt:3)
  A Brimstone Fiend (Zig:4)
  A pandemonium lord (Zig:4)
  A lich (Zig:9)
  2 deep elf master archers (Elf:3)
  2 deep elf blademasters (Elf:3)
  An ancient champion (Zig:9)
  An acid blob (Slime:5)
  A tengu reaver (Zig:8)
  2 thorn hunters (Swamp:4)
  3 azure jellies (Slime:5)
  A blood saint (Zig:4)
  4 nagarajas
  2 deep elf sorcerers (Elf:3)
  2 curse skulls
  2 ghouls (Crypt:3)
  2 deep elf elementalists (Elf:3)
  A reaper (Zig:4)
  A vampire knight (Zig:9)
  A corrupter (Zig:11)
  4 deep elf demonologists (Elf:3)
  6 deep elf annihilators
  3 eidola (Crypt:3)
  3 mummy priests (Zig:10)
  2 deep elf high priests (Elf:3)
  A death ooze (Slime:5)
  3 deep elf death magi
  3 naga warriors (Snake:4)
  8 hydras
  7 anacondas (Snake:4)
  A death knight (Crypt:3)
  An alligator (Swamp:1)
  A death yak (Zig:9)
  2 vampire magi
  2 naga sharpshooters (Snake:4)
  A spriggan berserker (Swamp:4)
  A soul eater (Zig:9)
  A wretched star (Zig:2)
  2 titan skeletons (Zig:10)
  4 skeletal warriors
  2 shadow wraiths
  A salamander mystic (Snake:4)
  4 flayed ghosts (Zig:9)
  4 swamp dragons (Swamp:4)
  An unseen horror (shapeshifter) (D:13)
  2 lindwurms (Snake:4)
  2 phantasmal warriors
  A frost giant zombie (Zig:10)
  A deep elf mage (Elf:3)
  7 mana vipers (Snake:4)
  A black mamba (Snake:4)
  4 guardian serpents (Snake:4)
  6 naga magi (Snake:4)
  6 guardian mummies (Zig:10)
  2 freezing wraiths (Crypt:3)
  4 bog bodies (Swamp:4)
  A flying skull (Zig:10)
  2 ushabtiu (Zig:10)
  A wraith (Crypt:3)
  A shadow (Crypt:3)
  2 golden eyes (Slime:5)
  A swamp worm (Swamp:4)
  2 swamp drakes (Swamp:4)
  4 necrophages (Crypt:3)
  A phantom (Crypt:3)
  A fire crab zombie (Crypt:1)
  A hound (D:14)
  2 orc priests
  An orc wizard (Orc:2)
  8 mummies (Zig:10)
  A lava snake skeleton (Crypt:1)
  A ball lightning (Depths:5)
  An orc (Vaults:2)
  6 briar patches
  14 demonic plants (Gauntlet)
  7 fungi
  18 plants
  65 starspawn tentacles
  23 withered plants (Crypt:3)
303 creatures vanquished.

Grand Total: 2962 creatures vanquished

Notes
Turn   | Place    | Note
-------+----------+-------------------------------------------
     0 | D:1      | mortelune the Minotaur Berserker began the quest for the
                  | Orb.
     0 | D:1      | Reached XP level 1. HP: 19/19 MP: 0/0
   409 | D:1      | Reached XP level 2. HP: 27/27 MP: 1/1
  1212 | D:2      | Reached XP level 3. HP: 33/33 MP: 2/2
  1229 | D:2      | Found a basalt altar of Yredelemnul.
  1617 | D:2      | Reached XP level 4. HP: 5/41 MP: 3/3
  2165 | D:2      | Reached ** piety under Trog
  2447 | D:3      | Reached XP level 5. HP: 25/47 MP: 4/4
  2504 | D:3      | Reached skill level 5 in Long Blades
  2617 | D:3      | Reached *** piety under Trog
  2620 | D:3      | Reached skill level 5 in Fighting
  2666 | D:3      | Found a glowing drain.
  2674 | Sewer    | Entered a sewer
  2759 | Sewer    | Reached XP level 6. HP: 54/56 MP: 5/5
  2878 | Sewer    | Reached **** piety under Trog
  3545 | D:4      | Found Bobeheja's Gadget Shoppe.
  3697 | D:4      | Reached skill level 5 in Armour
  3697 | D:4      | Reached XP level 7. HP: 58/62 MP: 6/6
  3959 | D:5      | Entered Level 5 of the Dungeon
  4006 | D:5      | Found Equxky's Weapon Shop.
  4167 | D:5      | Found Hiwurieno's Weapon Boutique.
  4187 | D:5      | Bought a cursed +0 morningstar for 12 gold pieces
  4221 | D:5      | Found a runed translucent gate.
  4221 | D:5      | Noticed vurker's ghost (novice MiGl)
  4240 | D:5      | Found a runed translucent gate.
  4241 | D:5      | Found a runed translucent gate.
  4250 | D:5      | Identified the +2 chain mail "Gikh" {Str+3}
  4256 | D:5      | Reached skill level 1 in Maces & Flails
  4293 | D:5      | Reached XP level 8. HP: 71/71 MP: 7/7
  4459 | D:5      | Noticed Sigmund
  4473 | D:5      | Killed Sigmund
  4493 | D:5      | Reached skill level 5 in Maces & Flails
  4632 | D:5      | Noticed Grum
  4648 | D:5      | Killed Grum
  4749 | D:5      | Found a hazy altar of Hepliaklqana.
  4898 | D:5      | Found a roughly hewn altar of Beogh.
  5016 | D:6      | Reached XP level 9. HP: 69/81 MP: 8/8
  5067 | D:6      | Found a staircase to the Ecumenical Temple.
  5155 | D:6      | Reached ***** piety under Trog
  5559 | D:7      | Found a bloodstained altar of Trog.
  5559 | D:7      | Found a shimmering blue altar of Sif Muna.
  5657 | D:6      | HP: 1/82 [wraith (6)]
  5812 | D:7      | Found a radiant altar of Vehumet.
  6184 | D:7      | Found Vanaf's Assorted Antiques.
  6187 | D:7      | Bought a scroll labeled ECRIEL JUODONI for 24 gold pieces
  6232 | D:7      | Reached XP level 10. HP: 84/91 MP: 9/9
  6239 | D:7      | Found an ancient bone altar of Kikubaaqudgha.
  6261 | D:7      | Received a gift from Trog
  6389 | D:8      | Found Upylysk's Antique Weapon Boutique.
  7318 | D:8      | You fall into a shaft and drop 2 floors!
  7318 | D:10     | Entered Level 10 of the Dungeon
  7321 | D:10     | Noticed an oklob plant
  7322 | D:10     | Found a staircase to the Lair.
  7425 | D:9      | Reached skill level 10 in Fighting
  7499 | D:9      | Found a white marble altar of Elyvilon.
  7550 | D:9      | Reached skill level 10 in Armour
  7669 | D:9      | Noticed Maurice
  7693 | D:9      | Reached skill level 10 in Long Blades
  7935 | D:8      | Found a blossoming altar of Fedhas.
  8034 | D:9      | Reached XP level 11. HP: 95/101 MP: 10/10
  8148 | D:9      | Noticed Erolcha
  8158 | D:9      | Killed Erolcha
  8331 | D:9      | Killed Maurice
  8625 | D:9      | Found the +10 Black Knight's horse barding {ponderous,
                  | rPois rN+}
  8779 | D:10     | Received a gift from Trog
  9187 | D:10     | Noticed a deep elf mage
  9204 | D:10     | Killed a deep elf mage
  9954 | D:11     | Noticed a green ugly thing
  9961 | D:11     | Killed a green ugly thing
 10155 | D:11     | Noticed Gastronok
 10173 | D:11     | Killed Gastronok
 10173 | D:11     | Reached XP level 12. HP: 112/112 MP: 3/11
 10200 | D:11     | Found a staircase to the Orcish Mines.
 10252 | D:11     | Received a gift from Trog
 10872 | D:11     | Found Educaoqo's Armour Boutique.
 11009 | D:8      | Bought a warped double sword for 740 gold pieces
 11009 | D:8      | Identified the cursed +3 double sword "Xiuthoepn" {protect,
                  | rElec rC- Dex+6} (You bought it in a shop on level 8 of the
                  | Dungeon)
 11641 | Lair:1   | Entered Level 1 of the Lair of Beasts
 11829 | Lair:1   | Noticed a seven-headed hydra
 11849 | Lair:1   | Killed a ten-headed hydra
 12857 | Lair:2   | Reached skill level 15 in Long Blades
 13053 | Lair:2   | Reached XP level 13. HP: 117/122 MP: 12/12
 13723 | Lair:3   | Found a staircase to the Snake Pit.
 13876 | Lair:3   | Received a gift from Trog
 14243 | Lair:3   | Found a staircase to the Swamp.
 14597 | Lair:4   | Found a dark tunnel.
 14614 | Volcano  | Entered a volcano
 15000 | Volcano  | Found a burning altar of Makhleb.
 15336 | Lair:4   | Found a sparkling altar of Nemelex Xobeh.
 15351 | Lair:4   | You fall into a shaft and drop 2 floors!
 15351 | Lair:6   | Entered Level 6 of the Lair of Beasts
 15405 | Lair:5   | Reached XP level 14. HP: 132/132 MP: 13/13
 15486 | Lair:5   | Found a staircase to the Slime Pits.
 15552 | Lair:5   | Received a gift from Trog
 17098 | Lair:6   | Cast into level 3 of the Abyss (a wizard)
 17150 | Abyss:3  | Reached XP level 15. HP: 139/139 MP: 14/14
 17269 | Abyss:4  | Found a corrupted altar of Lugonu.
 17296 | Abyss:4  | Fell from the grace of Trog
 17296 | Abyss:4  | Became a worshipper of Lugonu the Unformed
 17296 | Abyss:4  | Reached * piety under Lugonu
 17297 | Lair:6   | Escaped the Abyss
 17712 | Lair:6   | Found a burning altar of Makhleb.
 17885 | Lair:6   | Found a gateway to Hell.
 18577 | Lair:6   | Identified the +6 arbalest of Umumiseu {freeze, Str+4} (You
                  | found it on level 6 of the Lair of Beasts)
 18654 | Lair:3   | Got a translucent scale mail
 18665 | Lair:3   | Identified the cursed +0 scale mail of the Scribe {-Cast
                  | rPois Str+3} (You found it on level 3 of the Lair of
                  | Beasts)
 18784 | Orc:1    | Entered Level 1 of the Orcish Mines
 18897 | Orc:1    | Found a roughly hewn altar of Beogh.
 18950 | Orc:2    | Entered Level 2 of the Orcish Mines
 18978 | Orc:2    | Found a staircase to the Elven Halls.
 19319 | Orc:2    | Paralysed by an orc sorcerer for 4 turns
 19446 | Orc:2    | Reached skill level 15 in Fighting
 19596 | Orc:1    | Found Felargha's Armour Boutique.
 19667 | Orc:2    | Reached ** piety under Lugonu
 19718 | Orc:1    | Bought the +2 pair of boots of Contentment {rN+ rCorr} for
                  | 469 gold pieces
 20000 | Orc:1    | Found a runed translucent gate.
 20000 | Orc:1    | Found a runed translucent gate.
 20000 | Orc:1    | Found a runed translucent gate.
 20001 | Orc:1    | Found an opulent altar of Gozag.
 20003 | Orc:1    | Noticed ioannis32's ghost (journeyman HuFi)
 20518 | Orc:2    | Reached skill level 15 in Armour
 20723 | Orc:2    | Noticed an orc warlord
 20735 | Orc:2    | Killed an orc warlord
 20735 | Orc:2    | Reached skill level 1 in Invocations
 20755 | Orc:2    | Reached *** piety under Lugonu
 21365 | Orc:2    | Found Oleust's Antique Armour Emporium.
 21366 | Orc:2    | Found Dewapho's Antique Weapon Shoppe.
 21368 | Orc:2    | Found Ukadoqef's General Store.
 21368 | Orc:2    | Found Moryngum's Book Emporium.
 21788 | Orc:2    | Bought 8 bolts for 27 gold pieces
 21788 | Orc:2    | Bought a scroll of identify for 34 gold pieces
 22057 | D:12     | Found a gate leading to a gauntlet.
 22079 | Gauntlet | Entered a Gauntlet
 22079 | Gauntlet | Found a transporter.
 22089 | Gauntlet | Found a transporter.
 22104 | Gauntlet | Found a transporter.
 22109 | Gauntlet | Found a transporter.
 22124 | Gauntlet | Found a transporter.
 22143 | Gauntlet | Found a transporter.
 22155 | Gauntlet | Found a transporter.
 22167 | Gauntlet | Found a transporter.
 22179 | Gauntlet | Found a transporter.
 22243 | Gauntlet | Found a transporter.
 22243 | Gauntlet | Found a transporter.
 22254 | Gauntlet | Found a large runed translucent door.
 22255 | Gauntlet | Found a large runed translucent door.
 22256 | Gauntlet | Found a large runed translucent door.
 22256 | Gauntlet | Found a large runed translucent door.
 22257 | Gauntlet | Found a runed translucent gate.
 22258 | Gauntlet | Found a transporter.
 22258 | Gauntlet | Found a runed translucent gate.
 22259 | Gauntlet | Found a runed translucent gate.
 22260 | Gauntlet | Found a large runed translucent door.
 22260 | Gauntlet | Found a large runed translucent door.
 22261 | Gauntlet | Found a large runed translucent door.
 22262 | Gauntlet | Found a large runed translucent door.
 22271 | Gauntlet | Found a large runed translucent door.
 22271 | Gauntlet | Found a large runed translucent door.
 22271 | Gauntlet | Found a runed translucent door.
 22271 | Gauntlet | Found a runed translucent door.
 22272 | Gauntlet | Found a large runed translucent door.
 22273 | Gauntlet | Found a large runed translucent door.
 22275 | Gauntlet | Found a transporter.
 22283 | Gauntlet | Found a large runed translucent door.
 22283 | Gauntlet | Found a large runed translucent door.
 22461 | Gauntlet | Found a large runed translucent door.
 22462 | Gauntlet | Found a large runed translucent door.
 22474 | Gauntlet | Found a transporter.
 22502 | Gauntlet | Found a transporter.
 22508 | Gauntlet | Found a transporter.
 22540 | Gauntlet | Found a transporter.
 22542 | Gauntlet | Found a transporter.
 22701 | Gauntlet | Reached **** piety under Lugonu
 22876 | Gauntlet | Reached skill level 5 in Invocations
 22886 | Gauntlet | Identified the Disquisition on Torrid Air
 23617 | D:13     | Reached ***** piety under Lugonu
 23808 | D:13     | Noticed Nessos
 23820 | D:13     | Paralysed by Trog for 4 turns
 23839 | D:13     | Killed Nessos
 24063 | D:13     | Found Axeizxoz's Gadget Shop.
 24276 | D:13     | Reached XP level 16. HP: 146/146 MP: 20/20
 24724 | D:13     | Found a shimmering altar of Xom.
 25291 | D:14     | Paralysed by Trog for 4 turns
 25407 | D:14     | Found Vazuaph's Assorted Antiques.
 25432 | D:14     | Bought a scroll of enchant weapon for 217 gold pieces
 25863 | D:14     | Reached skill level 10 in Invocations
 26412 | D:14     | Found a gate to the Vaults.
 26702 | D:14     | Reached ****** piety under Lugonu
 26810 | D:15     | Entered Level 15 of the Dungeon
 27272 | D:15     | Noticed Louise
 27308 | D:15     | Killed Louise
 27490 | D:15     | Identified the ring "Omecsiuv" {rPois Str+3 Stlth+}
 27492 | D:15     | Noticed a tengu reaver
 27508 | D:15     | Killed a tengu reaver
 28054 | D:15     | Found a staircase to the Depths.
 28308 | D:15     | Noticed Azrael
 28328 | D:15     | Killed Azrael
 28690 | D:14     | Paralysed by Trog for 6 turns
 28847 | Swamp:1  | Entered Level 1 of the Swamp
 29059 | Swamp:1  | Reached XP level 17. HP: 158/158 MP: 9/26
 29352 | Swamp:1  | Reached skill level 1 in Crossbows
 31673 | Swamp:3  | Reached skill level 5 in Crossbows
 31935 | Swamp:3  | Identified the Incunabulum of the Floating Glacier
 33256 | Swamp:4  | Entered Level 4 of the Swamp
 33436 | Lair:2   | Was forgiven by Trog
 33616 | Orc:2    | Bought a scroll of enchant armour for 127 gold pieces
 33824 | D:13     | Bought a wand of acid (9) for 390 gold pieces
 33824 | D:13     | Bought a wand of digging (3) for 210 gold pieces
 34784 | Orc:2    | Bought 12 bolts for 40 gold pieces
 35016 | D:5      | Bought 20 bolts for 48 gold pieces
 35016 | D:5      | Bought 20 bolts for 48 gold pieces
 36080 | Swamp:4  | Corrupted Swamp:4
 36081 | Swamp:4  | Noticed a bone dragon
 36083 | Swamp:4  | Noticed a bone dragon
 37021 | Swamp:4  | Got a decaying rune of Zot
 37285 | Snake:1  | Entered Level 1 of the Snake Pit
 38086 | Snake:1  | Identified the +0 whip of Maxt {speed, Str-5 Int+4} (You
                  | found it on level 1 of the Snake Pit)
 38313 | Snake:1  | Found Kiesem's Armour Shop.
 38617 | Snake:1  | Reached XP level 18. HP: 158/168 MP: 9/27
 39402 | Snake:2  | Reached skill level 10 in Crossbows
 40628 | Snake:3  | Noticed Saint Roka
 40643 | Snake:3  | Banished Saint Roka
 40651 | Snake:3  | Paralysed by an orc sorcerer for 2 turns
 41275 | Snake:3  | Found a stormy altar of Qazlal.
 41360 | Snake:3  | Identified the +5 whip of Trial by Ordeal {holy, -Tele rC+
                  | Int+3 Dex+9}
 42136 | Snake:4  | Entered Level 4 of the Snake Pit
 43110 | Snake:4  | Found Riupsid's General Store.
 43113 | Snake:4  | Bought a potion of brilliance for 56 gold pieces
 44045 | Snake:4  | Corrupted Snake:4
 44874 | Snake:4  | Got a serpentine rune of Zot
 45252 | Vaults:1 | Entered Level 1 of the Vaults
 45480 | Vaults:1 | Found Eduerph's Antique Armour Shop.
 45505 | Vaults:1 | Found Agavur's Gadget Boutique.
 45536 | Vaults:1 | Bought a phantom mirror for 360 gold pieces
 45536 | Vaults:1 | Bought a wand of clouds (5) for 324 gold pieces
 45619 | Vaults:1 | Reached skill level 10 in Dodging
 45858 | Vaults:1 | Reached XP level 19. HP: 152/177 MP: 9/28
 46012 | Vaults:1 | Found Ryssob's Antique Armour Emporium.
 46486 | Vaults:1 | Found Ythriuny's General Store.
 46498 | Vaults:1 | Bought a potion of cancellation for 128 gold pieces
 46498 | Vaults:1 | Bought a potion of invisibility for 128 gold pieces
 46498 | Vaults:1 | Bought a scroll of blinking for 120 gold pieces
 46498 | Vaults:1 | Bought a potion of berserk rage for 80 gold pieces
 48974 | Vaults:2 | Identified the +10 war axe of Odisubui {chop, Str+3 Int+2}
 48981 | Vaults:2 | Noticed a golden dragon
 48992 | Vaults:2 | Killed a golden dragon
 49001 | Vaults:2 | Noticed Donald
 49002 | Vaults:2 | Noticed a golden dragon
 49011 | Vaults:2 | Found Yteynt's Gadget Shop.
 49273 | Vaults:2 | Bought a wand of digging (5) for 306 gold pieces
 50352 | Vaults:2 | Killed Donald
 50402 | Vaults:2 | Reached skill level 15 in Crossbows
 50402 | Vaults:2 | Reached XP level 20. HP: 131/189 MP: 9/29
 50490 | Vaults:2 | Killed a golden dragon
 50671 | Vaults:2 | Identified Sif Muna's Guide on Doomed Air
 50838 | Vaults:3 | Noticed Mennas
 50852 | Vaults:3 | Killed Mennas
 51295 | Vaults:3 | Found Xajiyre's Distillery.
 51324 | Vaults:3 | Bought a potion of resistance for 140 gold pieces
 51324 | Vaults:3 | Bought a potion of heal wounds for 70 gold pieces
 51324 | Vaults:3 | Bought 2 potions of mutation for 224 gold pieces
 51445 | Vaults:3 | Found Ejuuch's Gadget Shop.
 52296 | Vaults:3 | Found Icraucs's Antique Armour Emporium.
 52995 | Vaults:3 | Reached skill level 15 in Dodging
 53360 | Vaults:3 | Noticed a golden dragon
 53373 | Vaults:3 | Killed a golden dragon
 53571 | Vaults:3 | Identified the +5 shield of Nihilism {*Slow rC+++ Dex-5
                  | Stlth+}
 53894 | Vaults:3 | Found a portal to a secret trove of treasure.
 54138 | Vaults:3 | Found a staircase to the Crypt.
 54730 | Elf:1    | Entered Level 1 of the Elven Halls
 54775 | Elf:1    | Reached XP level 21. HP: 199/199 MP: 10/30
 54891 | Elf:1    | Identified Idoze's Tome of Combed Thunderclap
 54915 | Elf:1    | Identified Ts'ui Pên's Grimoire of Forking Paths
 54922 | Elf:1    | Identified Sif Muna's Volume of Sand
 55784 | Elf:1    | Found Huec's Jewellery Emporium.
 55785 | Elf:1    | Found Mamodd's Gadget Boutique.
 55786 | Elf:1    | Found Ustruroi's Jewellery Emporium.
 55831 | Elf:1    | Identified the +5 scimitar of Frustration {vamp, *Contam
                  | Dex+4 SInv} (You found it on level 1 of the Elven Halls)
 56321 | Elf:2    | Found a runed translucent gate.
 56321 | Elf:2    | Found a runed translucent gate.
 56332 | Elf:2    | Found a runed translucent gate.
 56379 | Elf:2    | Found Dopyepterat's Distillery.
 56390 | Elf:2    | Bought a potion of resistance for 160 gold pieces
 56390 | Elf:2    | Bought a potion of heal wounds for 80 gold pieces
 56390 | Elf:2    | Bought a potion of haste for 160 gold pieces
 56390 | Elf:2    | Bought a potion of heal wounds for 80 gold pieces
 58108 | Elf:3    | Entered Level 3 of the Elven Halls
 59178 | Elf:3    | Corrupted Elf:3
 59385 | Elf:3    | Identified the +0 pair of boots of the Burgomaster {rPois}
                  | (You found it on level 3 of the Elven Halls)
 59419 | Elf:3    | Got a transparent iron amulet
 59423 | Elf:3    | Identified the amulet of Jeeh {-Tele *Slow rPois Regen+
                  | SInv} (You found it on level 3 of the Elven Halls)
 59667 | Elf:3    | Found the +3 Elemental Staff {rElec rF++ rC++ MR++ AC+5}
 60722 | Slime:1  | Entered Level 1 of the Pits of Slime
 60943 | Slime:3  | Gained mutation: You are weak. (Str -2) [a shining eye]
 61193 | Slime:3  | HP: 9/202 [acid (4)]
 61667 | Slime:3  | Reached XP level 22. HP: 47/211 MP: 10/31
 61993 | Slime:4  | Gained mutation: You tend to lose your temper in combat. [a
                  | shining eye]
 61994 | Slime:4  | Gained mutation: Armour fits poorly on your strangely
                  | shaped body. [a shining eye]
 61995 | Slime:4  | Lost mutation: You are weak. (Str -2) [a shining eye]
 62071 | Slime:5  | Entered Level 5 of the Pits of Slime
 62431 | Slime:5  | Noticed the Royal Jelly
 62435 | Slime:5  | Corrupted Slime:5
 62483 | Slime:5  | Killed the Royal Jelly
 62493 | Slime:4  | HP: 5/209 [acid blob/splash of acid (6)]
 63284 | Slime:5  | Gained mutation: Your magical capacity is low. (-10% MP) [a
                  | shining eye]
 63793 | Slime:5  | Found the +7 Singing Sword {slice, sonic wave}
 63798 | Slime:5  | Found the amulet of the Air {Inacc +Fly rElec EV+5 RMsl}
 63828 | Slime:5  | Found the +9 staff of Wucad Mu {channel}
 63989 | Slime:5  | Got a slimy rune of Zot
 64066 | Slime:5  | Identified the +2 long sword "Gaoqun" {elec, rPois rC-
                  | Str+3 Dex+2} (You found it on level 5 of the Pits of Slime)
 64889 | Orc:1    | Killed ioannis32's ghost
 65283 | Vaults:3 | Lost mutation: Your magical capacity is low. (-10% MP)
                  | [potion of mutation]
 65283 | Vaults:3 | Lost mutation: You tend to lose your temper in combat.
                  | [potion of mutation]
 65283 | Vaults:3 | Lost mutation: Armour fits poorly on your strangely shaped
                  | body. [potion of mutation]
 65283 | Vaults:3 | Gained mutation: You have a pair of large horns on your
                  | head. [potion of mutation]
 65283 | Vaults:3 | Gained mutation: You have large cloven feet. [potion of
                  | mutation]
 65283 | Vaults:3 | Gained mutation: Your system is resistant to poisons.
                  | (rPois) [potion of mutation]
 65312 | Vaults:3 | You showed the slimy rune of Zot to enter a treasure trove
 65313 | Trove    | Entered a treasure trove
 65329 | Trove    | Identified the amulet "Toguw" {Spirit Str+4 Slay+5} (You
                  | found it in a treasure trove)
 65421 | Trove    | Identified the amulet "Pifrodat" {Spirit +Inv Str+4 SInv}
                  | (You found it in a treasure trove)
 65423 | Trove    | Identified the ring "Dofepifa" {+Fly rC+} (You found it in
                  | a treasure trove)
 65425 | Trove    | Identified the ring "Gat Dain" {rElec rC- MR+ Int+2} (You
                  | found it in a treasure trove)
 65427 | Trove    | Identified the ring of Xorrapsu {rC+ MP+9} (You found it in
                  | a treasure trove)
 65429 | Trove    | Identified the amulet "Xodo" {Faith +Fly} (You found it in
                  | a treasure trove)
 65431 | Trove    | Identified the ring of Esishryel {Str+3 Int+2 Dex+4 Slay+1}
                  | (You found it in a treasure trove)
 65433 | Trove    | Identified the ring "Seca Yti" {rN+ MR+} (You found it in a
                  | treasure trove)
 65439 | Trove    | Identified the ring "Dear" {rN+ AC+6 Dex+2} (You found it
                  | in a treasure trove)
 65445 | Trove    | Identified the ring "Wetade" {*Contam rF+ rCorr Dex+4 SInv}
                  | (You found it in a treasure trove)
 65451 | Trove    | Identified the ring of Eternity {rElec rC- Int+3 Stlth+}
                  | (You found it in a treasure trove)
 65453 | Trove    | Identified the amulet of the Skies Above {RegenMP rElec}
                  | (You found it in a treasure trove)
 66367 | Vaults:4 | Noticed Aizul
 66378 | Vaults:4 | Killed Aizul
 67052 | Vaults:4 | Gained mutation: You tend to lose your temper in combat.
                  | [mutagenic glow]
 67137 | Vaults:4 | Found Kawas's Jewellery Shoppe.
 68745 | Depths:1 | Entered Level 1 of the Depths
 68751 | Depths:1 | Reached XP level 23. HP: 216/220 MP: 10/32
 69475 | Depths:1 | Found Yckas's Antique Armour Boutique.
 69481 | Depths:1 | Found Gikigose's Distillery.
 69492 | Depths:1 | Bought a potion of berserk rage for 80 gold pieces
 69492 | Depths:1 | Bought a potion of invisibility for 128 gold pieces
 69492 | Depths:1 | Bought a potion of resistance for 160 gold pieces
 69643 | Depths:1 | Noticed a juggernaut
 70220 | Depths:2 | Found a gateway to a ziggurat.
 70400 | Depths:2 | Found a bloodstained altar of Trog.
 70401 | Depths:2 | Found a radiant altar of Vehumet.
 70401 | Depths:2 | Found a shimmering altar of Xom.
 70898 | Depths:2 | Noticed a juggernaut
 70911 | Depths:2 | Killed a juggernaut
 70913 | Depths:2 | Noticed a juggernaut
 70923 | Depths:2 | Killed a juggernaut
 70928 | Depths:2 | Identified the +9 flail of Irrioj {crush, rF+ rN+ Int+2}
 70928 | Depths:2 | Identified the ring "Fakotz" {rElec rF+ rC++ Str+3 Dex-3}
 71146 | Depths:2 | Identified the Papyrus of Mutagenic Lightness
 71215 | Depths:2 | Noticed a caustic shrike
 71222 | Depths:2 | Killed a caustic shrike
 71417 | Depths:2 | Paralysed by a floating eye for 4 turns
 71424 | Depths:2 | Paralysed by a floating eye for 3 turns
 72079 | Depths:3 | Found a one-way gate to the infinite horrors of the Abyss.
 72338 | Depths:3 | Reached XP level 24. HP: 199/233 MP: 10/32
 73043 | Depths:3 | Found a one-way gate leading to the halls of Pandemonium.
 73407 | Depths:3 | Found Patul's Antique Weapon Emporium.
 73545 | Depths:4 | Found a magical portal.
 74619 | Depths:4 | Identified the Guide on the Arsonist
 74622 | Depths:4 | Identified Padeilek's Papyrus of Earth
 74816 | Depths:5 | Entered Level 5 of the Depths
 74983 | Depths:5 | Noticed Jory
 75000 | Depths:5 | Killed Jory
 76410 | Depths:5 | Found a gate to the Realm of Zot.
 76609 | Depths:5 | Noticed a juggernaut
 76620 | Depths:5 | Paralysed by a floating eye for 2 turns
 76635 | Depths:5 | Killed a juggernaut
 77851 | Vaults:5 | Entered Level 5 of the Vaults
 77857 | Vaults:5 | Reached XP level 25. HP: 237/245 MP: 10/32
 78238 | Vaults:5 | Paralysed by a floating eye for 2 turns
 78252 | Vaults:5 | Identified Zuugid's Disquisition on Talismans and Changing
 78517 | Vaults:5 | Got a silver rune of Zot
 78912 | Vaults:5 | Identified the Compendium of Calling and Conjuration
 78983 | Vaults:5 | Noticed an ancient lich
 79006 | Vaults:5 | Killed an ancient lich
 80443 | Crypt:1  | Entered Level 1 of the Crypt
 80689 | Crypt:1  | Corrupted Crypt:1
 81426 | Crypt:1  | Noticed Xtahua
 81430 | Crypt:1  | Killed Xtahua
 82237 | Crypt:2  | Found a runed translucent gate.
 82237 | Crypt:2  | Found a runed translucent gate.
 82237 | Crypt:2  | Found a runed translucent gate.
 82238 | Crypt:2  | Noticed rrossfarrar's ghost (veteran BaFi)
 82289 | Crypt:2  | Reached XP level 26. HP: 256/256 MP: 32/32
 82944 | Crypt:2  | Found an iron altar of Okawaru.
 82975 | Crypt:2  | Killed rrossfarrar's ghost
 83506 | Crypt:3  | Entered Level 3 of the Crypt
 83753 | Crypt:3  | Noticed Mara
 83757 | Crypt:3  | Corrupted Crypt:3
 83762 | Crypt:3  | Killed Mara
 84325 | Crypt:3  | Identified the Disquisition on Glacial Hexes
 84643 | Crypt:3  | Found a basalt altar of Yredelemnul.
 85251 | Crypt:3  | Found a staircase to the Tomb.
 86029 | Crypt:3  | Identified the Catalogue of Sinister Secrets
 86038 | Crypt:3  | Identified the -4 cloak "Coesast" {Int+7} (You found it on
                  | level 3 of the Crypt)
 87879 | Vaults:1 | Identified a +6 demon blade of distortion (a +4 demon blade
                  | of flaming corrupted by Lugonu)
 87879 | Vaults:1 | Received a gift from Lugonu
 88121 | Zig:1    | Entered Level 1 of a ziggurat
 88237 | Zig:2    | Entered Level 2 of a ziggurat
 88262 | Zig:2    | Identified the amulet of Nocsiosch {Spirit rF+ Str+4} (You
                  | found it on level 2 of a ziggurat)
 88272 | Zig:3    | Entered Level 3 of a ziggurat
 88330 | Zig:4    | Entered Level 4 of a ziggurat
 88332 | Zig:4    | Noticed Taynyryo the pandemonium lord
 88335 | Zig:4    | Corrupted Zig:4
 88352 | Zig:4    | Killed Taynyryo the pandemonium lord
 88492 | Zig:5    | Entered Level 5 of a ziggurat
 88563 | Zig:6    | Entered Level 6 of a ziggurat
 88631 | Zig:7    | Entered Level 7 of a ziggurat
 88691 | Zig:7    | Identified the Disquisition on the Dislocated Arsonist
 88703 | Zig:7    | Identified the amulet "Himogulu" {Inacc Int+4 Stlth-} (You
                  | found it on level 7 of a ziggurat)
 88968 | Zig:8    | Entered Level 8 of a ziggurat
 89007 | Zig:8    | Corrupted Zig:8
 89445 | Zig:9    | Entered Level 9 of a ziggurat
 89456 | Zig:9    | Corrupted Zig:9
 89651 | Zig:10   | Entered Level 10 of a ziggurat
 89660 | Zig:10   | Corrupted Zig:10
 89660 | Zig:10   | Noticed a greater mummy
 89675 | Zig:10   | Killed a greater mummy
 89934 | Zig:11   | Entered Level 11 of a ziggurat
 89978 | Zig:11   | Noticed Tetrid the pandemonium lord
 89979 | Zig:11   | Corrupted Zig:11
 89992 | Zig:11   | HP: 9/259 [blizzard demon/the air (18)]
 89992 | Zig:11   | HP: 2/259 [cherub/stone (7)]
 89992 | Zig:11   | Killed from afar by a hellion

Levels and vault maps discovered:
D:1:      shiori_arrival_elements, layout_basic, minmay_stone_trees_medium,
          dk_noncrumbling_4, serial_bayou_pond_a
D:2:      minmay_inner_zag, layout_rooms, old_standard_altar, first_ration,
          grunt_ministairs_8
D:3:      layout_rooms, gup_sewer_entry_bubbles, kennysheep_boxes
D:4:      layout_cave_pools, serial_shops, nicolae_shop_stone, serial_glass,
          glass_columns_c, glass_columns_a
D:5:      layout_cave_pools, kennysheep_little_box, serial_shops, shop_statue,
          kennysheep_mini, biasface_ghost_orc_armoury, serial_gnoll_camp,
          gnoll_camp_mini_hut, gnoll_camp_mini_house, gnoll_camp_mini_loothouse,
          gnoll_camp_mini_sergeant, grums_kennel, corexii_hall_statues_i,
          uniq_sigmund
D:6:      layout_gridville, minmay_temple_entry_stoned_glass
D:7:      lemuel_slime, layout_cave_pools, vehumet_statue,
          gammafunk_temple_overflow_pools, serial_shops, nicolae_shop_crystal,
          lemuel_mausoleum_altar_kikubaaqudgha
D:8:      layout_loops_corners, serial_shops, shop, fedhas_altar_decomposition
D:9:      layout_irregular_city, lemuel_crystal_altar, uniq_erolcha,
          uniq_maurice
D:10:     layout_loops_ring, dpeg_oklobed_lair, hangedman_stone_soup,
          hangedman_abyss_or_decor_slice, minmay_beelzebubs_servants
D:11:     layout_gridville, zombieorc1_lemuel, serial_shops, shop,
          uniq_gastronok
D:12:     layout_basic, gauntlet_entry_generic
D:13:     layout_basic, serial_shops, nicolae_shop_behind_doors, tgw_xom,
          uniq_nessos
D:14:     hangedman_cross_cluster, layout_irregular_city,
          lightli_vaults_fourway_checkpoint, serial_shops, shop_coins,
          serial_bayou, serial_bayou_pond_e, serial_bayou_pond_d,
          serial_bayou_pond_d
D:15:     grunt_enter_depths_hoard, layout_cave_pods,
          minmay_checkered_concentric_circles, uniq_louise, uniq_azrael
Lair:1:   layout_cave_pods, nicolae_quartered_pool_medium, grunt_megastairs_2
Lair:2:   layout_hall_layers, grunt_forest_large_clearings, grunt_megastairs_1
Lair:3:   layout_gridlike, minmay_swamp_entry_worms,
          minmay_snake_entry_guardpost_small, st_stairs_6, zaba_anthole,
          lemuel_fruit_fields
Lair:4:   layout_roguey, basic_altar, enter_volcano_4, st_stairs_7,
          serial_bayou_lagoon_a
Lair:5:   layout_hall_layers, nicolae_slime_entry_slimehenge, grunt_megastairs_4
Lair:6:   evil_forest, layout_loops_ring, grunt_forest_small_clearings,
          serial_bayou_shore_a, lemuel_fruit_tree
Swamp:1:  layout_basic_swamp, infiniplex_staircase_pool_2, swamp_pool3,
          nicolae_swamp_rocky_clearing
Swamp:2:  layout_basic_swamp, serial_swamp_ruin, evilmike_swamp_ruin_house_5,
          evilmike_swamp_ruin_house_2, evilmike_swamp_ruin_house_6, swamp_pool3,
          nicolae_swamp_baby_hydras
Swamp:3:  layout_basic_swamp, nicolae_swamp_round_clearing
Swamp:4:  swamp_basic_johnstein, layout_basic_swamp
Snake:1:  layout_cave_shapes, serial_shops, shop, serial_bayou_pond_c,
          grunt_megastairs_3
Snake:2:  layout_gridlike
Snake:3:  layout_chambers, basic_altar, uniq_saint_roka
Snake:4:  snake_pit_salamanders_mu, layout_layer_cave, serial_shops,
          nicolae_shop_behind_doors, abandoned_shop
Slime:1:  layout_caves, basic_altar
Slime:2:  layout_caves, cheibrodos_slime_lost_civilization_5
Slime:3:  layout_caves
Slime:4:  layout_caves
Slime:5
Orc:1:    layout_caves, serial_shops, shop, basic_altar, ebering_ghost_gozag
Orc:2:    st_orc_congregation, layout_caves
Elf:1:    eino_elf_arrival_the_gate, layout_loops_corners,
          hangedman_elven_crosses_minicolossus, bh_hangedman_babel_library,
          minmay_shop_grove
Elf:2:    layout_loops_cross, special_room [special_room_mythical_zoo],
          serial_shops, nicolae_shop_statue_plus
Elf:3:    elf_hall_gauntlet_narrow, layout_gridlike
Vaults:1: grunt_vaults_trifunnel, hangedman_vaults_stream, v_misc_12,
          vaults_room_door_ring, v_pattern_2, layout_vaults_omnigrid,
          serial_shops, shop_statue, shop, nicolae_shop_waterfront, shop
Vaults:2: st_greater_box_4, hangedman_vaults_river_flow, v_rooms_3,
          nicolae_vaults_what_the_h, nicolae_vaults_little_squares_1, v_rooms_4,
          hangedman_vaults_locks, nicolae_vaults_ring_of_whatevers,
          grunt_vaults_twisty, vaults_room_pools, layout_vaults_omnicross,
          serial_shops, shop, uniq_donald
Vaults:3: st_greater_box_1, nicolae_vaults_back_hallway, vaults_dpeg_cross,
          hangedman_vaults_cutoff, nicolae_vaults_rhombus_5,
          layout_vaults_big_room, minmay_crypt_entry_simple_box, serial_shops,
          nicolae_shop_window_shopping, nicolae_shop_statue_plus,
          nicolae_shop_statue_plus, nicolae_trove_entry_free_sample, uniq_mennas
Vaults:4: nicolae_vaults_triangles, nicolae_vaults_display_case,
          vaults_standard_mumra_lines, nicolae_vaults_diagonal_hallway_6,
          v_alt_pattern_6, v_misc_4, v_misc_10, v_misc_16, v_misc_1,
          vaults_room_pool, layout_vaults_ring, serial_shops,
          nicolae_shop_trees, portal_desolation_entry_nicolae_slug, uniq_aizul
Vaults:5
Crypt:1:  layout_gridlike, grunt_ministairs_5, nicolae_crypt_cryptocurrency,
          st_stairs_13, uniq_xtahua
Crypt:2:  layout_catacombs, gammafunk_ghost_fury_of_okawaru
Crypt:3:  evilmike_haunted_forest, uniq_mara
Depths:1: layout_long_grid, pf_hell_entry_tar_river, kennysheep_doodads,
          lightli_corner_chamber, minmay_shoptagon, serial_bayou_shore_b,
          serial_bayou_shore_b
Depths:2: hangedman_slaughterboxes, hell_entry
Depths:3: kennysheep_scales, layout_long_grid, serial_shops,
          kennysheep_mini_moat, abyss_entry, infiniplex_staircase_zigzag_5,
          hell_entry, grunt_pan_entry_in_and_out
Depths:4: mu_elemental_laboratory, layout_basic, abyss_entry_crystal,
          infiniplex_enter_wizlab_glasses, hell_entry, nicolae_lava_and_water,
          infiniplex_staircase_river
Depths:5: grunt_zot_entry_pinwheel, layout_cross, serial_bayou_pond_c,
          grunt_hell_entry_demonic_statue, dk_noncrumbling_3,
          serial_bayou_shore_b, uniq_jory
Zig:11

Skill      XL: |  1  2  3  4  5  6  7  8  9 10 11 12 13 14 15 16 17 18 19 20 21 22 23 24 25 26 |
---------------+-------------------------------------------------------------------------------+-----
Fighting       | 4 5 6 7 9 10 12 13 14 15 16 17 18 19 20 21 22 23 24 25 | 25.5
Long Blades    | 4 5 6 7 10 13 15 16 17 18 19 20 22 23 24 | 24.0
Armour         | 3 4 5 7 9 10 11 13 14 15 17 18 19 22 24 25 | 25.1
Dodging        | 3 8 10 13 15 17 18 20 21 | 21.5
Maces & Flails | 2 6 9 |  9.9
Invocations    | 6 13 14 | 14.0
Crossbows      | 9 12 15 16 18 20 | 20.1

Action                   |  1- 3 |  4- 6 |  7- 9 | 10-12 | 13-15 | 16-18 | 19-21 | 22-24 | 25-27 || total
-------------------------+-------+-------+-------+-------+-------+-------+-------+-------+-------++-------
Melee: Falchion          |    59 |    19 |       |       |       |       |       |       |       ||    78
       Headbutt          |     9 |    38 |    61 |   155 |   333 |   319 |   223 |   338 |   220 ||  1696
       Long sword        |       |   230 |    44 |       |       |       |       |       |       ||   274
       Morningstar       |       |       |   280 |    49 |    16 |       |       |       |       ||   345
       Great sword       |       |       |       |   215 |       |       |       |       |       ||   215
       Triple sword      |       |       |       |   163 |   105 |   863 |   717 |   708 |   234 ||  2790
       Double sword      |       |       |       |   160 |   873 |   196 |       |       |       ||  1229
       Scimitar          |       |       |       |       |       |    17 |       |       |       ||    17
       Eudemon blade     |       |       |       |       |       |       |     1 |   153 |   423 ||   577
       Demon blade       |       |       |       |       |       |       |       |       |    31 ||    31
 Fire: Arbalest          |       |       |       |       |       |   455 |   559 |   570 |   364 ||  1948
Throw: Boomerang         |       |     6 |       |       |     5 |    19 |       |       |       ||    30
       Javelin           |       |       |       |       |       |       |       |     3 |     6 ||     9
Invok: Berserk           |       |     1 |     5 |    12 |     4 |       |       |       |       ||    22
       Trog's Hand       |       |       |     3 |     7 |     3 |       |       |       |       ||    13
       Brothers in Arms  |       |       |       |     4 |     1 |       |       |       |       ||     5
       Depart the Abyss  |       |       |       |       |     1 |       |       |       |       ||     1
       Banish            |       |       |       |       |       |     8 |     1 |     1 |       ||    10
       Corrupt           |       |       |       |       |       |     2 |     1 |     1 |     7 ||    11
       Brand Weapon With |       |       |       |       |       |       |       |       |     1 ||     1
 Abil: Evoke Flight      |       |       |       |       |       |       |       |     2 |       ||     2
Evoke: Lamp of fire      |       |       |       |       |     1 |     1 |       |       |       ||     2
       Wand              |       |       |       |       |       |       |       |       |     1 ||     1
  Use: Potion            |     3 |     1 |     2 |     1 |     7 |     6 |     6 |     7 |     4 ||    37
       Scroll            |       |    11 |     1 |     6 |    34 |    10 |    19 |    41 |    24 ||   146
 Stab: Confused          |       |       |       |       |       |     1 |       |       |       ||     1
  Eat: Chunk             |     2 |     8 |    14 |    36 |    28 |    33 |    34 |    32 |     5 ||   192
       Ration            |       |       |       |     2 |     4 |    12 |     5 |     6 |    12 ||    41
Armor: Animal skin       |     4 |       |       |       |       |       |       |       |       ||     4
       Chain mail        |    24 |   144 |   196 |   308 |     2 |       |       |       |       ||   674
       Scale mail        |     2 |       |       |       |       |       |       |       |       ||     2
       Plate armour      |       |       |       |   117 |    42 |       |       |       |       ||   159
       Pearl dragon scal |       |       |       |       |   695 |   949 |   583 |   632 |   339 ||  3198
       Leather armour    |       |       |       |       |    13 |       |       |       |       ||    13
Dodge: Dodged            |    29 |   149 |   237 |   387 |  1030 |  1039 |   736 |  1096 |   751 ||  5454
       Deflected         |       |       |       |       |       |       |       |    12 |    46 ||    58
       Rpst.: Falchion   |     7 |     2 |       |       |       |       |       |       |       ||     9
       Long sword        |       |    34 |    13 |       |       |       |       |       |       ||    47
       Great sword       |       |       |       |    41 |       |       |       |       |       ||    41
       Triple sword      |       |       |       |    28 |    34 |   153 |   119 |   144 |    43 ||   521
       Double sword      |       |       |       |    23 |   175 |    19 |       |       |       ||   217
       Scimitar          |       |       |       |       |       |     4 |       |       |       ||     4
       Eudemon blade     |       |       |       |       |       |       |       |    35 |    55 ||    90
       Demon blade       |       |       |       |       |       |       |       |       |     2 ||     2
